 Dungeon Crawl Stone Soup version 0.31-a0-221-gbddc013574 (webtiles) character file.

Game seed: 9306811657793763284

668 timneilson the Shield-Bearer (level 7, -2/44 HPs)
             Began as a Gargoyle Fighter on July 4, 2023.
             Was an Initiate of Qazlal.
             Slain by an orc priest
             ... wielding a +0 whip
              (6 damage)
             ... on level 4 of the Dungeon.
             The game lasted 00:08:40 (3181 turns).

timneilson the Shield-Bearer (Gargoyle Fighter)     Turns: 3181, Time: 00:08:42

Health: -2/44      AC: 14    Str: 18 (20) XL:     7   Next: 58%
Magic:  8/8        EV:  7    Int:  5 (8)  God:    Qazlal [......]
Gold:   114        SH: 11    Dex:  9 (11) Spells: 6/6 levels left

rFire   . . .        a - +1 long sword
rCold   . . .        i - +3 kite shield
rNeg    + + .        l - +0 chain mail
rPois   ∞            (no helmet)
rElec   +            (no cloak)
rCorr   .            (no gloves)
SInv    .            (no boots)
Will    .....        (no amulet) Stlth
                     n - ring of positive energy
HPRegen 0.27/turn    (no ring)
MPRegen 0.11/turn

%: no passive effects
@: brilliant, hasted, very quick
A: sickness immunity, AC +4, negative energy resistance 1, electricity
resistance, torment resistance 1, petrification resistance
a: Renounce Religion


You were on level 4 of the Dungeon.
You worshipped Qazlal.
Qazlal was noncommittal.
You visited 2 branches of the dungeon, and saw 7 of its levels.

You collected 114 gold pieces.

Inventory:

Hand Weapons
 a - a +1 long sword (weapon)
Armour
 i - a +3 kite shield (worn)
 l - a +0 chain mail (worn)
Jewellery
 n - a ring of positive energy (left hand)
Potions
 d - 2 potions of might
 j - 3 potions of enlightenment


   Skills:
 + Level 4.5 Fighting
 * Level 3.8 Long Blades
 * Level 5.4 Armour
 + Level 1.8 Dodging
 * Level 5.4 Shields
 + Level 1.6 Invocations


You had 6 spell levels left.
You didn't know any spells.
Your spell library contained the following spells:

 Spells                   Type           Power      Damage    Failure   Level
 Lesser Beckoning         Tloc           0%         N/A       100%        2
 Gell's Gravitas          Tloc           0%         N/A       100%        3
 Teleport Other           Tloc           0%         N/A       100%        3


Dungeon Overview and Level Annotations

Branches:
Dungeon (6/15)             Temple (1/1) D:5

Altars:
Ashenzari
Gozag
Kikubaaqudgha
Makhleb
Okawaru
Qazlal
Ru
Trog
Uskayaw
Vehumet
Wu Jian
Yredelemnul
The Shining One


Innate Abilities, Weirdness & Mutations

You are immune to sickness and miasma.
Your stone body is resilient. (AC +4)
You are immune to poison.
You resist negative energy. (rN+)
You are resistant to electric shocks. (rElec)
You are resistant to unholy torment.
You are immune to petrification.


Message History

You hit the orc but do no damage.
The orc is almost dead.
You hit the orc but do no damage.
The orc is almost dead.
You block the orc's attack.
You slash the orc!
You kill the orc!
Qazlal accepts your kill.
You closely miss the orc. The orc hits you but does no damage.
You barely miss the orc. The orc barely misses you.
You barely miss the orc. You block the orc's attack.
You closely miss the orc. The orc barely misses you.
You completely miss the orc. You block the orc's attack.
You hit the orc but do no damage. The orc hits you but does no damage.
You barely miss the orc. You hit the orc.
The orc is moderately wounded.
You block the orc's attack.
You closely miss the orc.
The orc is moderately wounded.
You block the orc's attack.
You slash the orc!
You kill the orc!
Qazlal accepts your kill. You block the orc priest's attack.
Items here: )) [[ †.
You hit the orc priest.
The orc priest is moderately wounded.
The orc priest mumbles some strange prayers to Beogh against you.
Pain shoots through your body!
* * * LOW HITPOINT WARNING * * *
You closely miss the orc priest.
The orc priest is moderately wounded.
The orc priest calls down the wrath of Beogh upon you.
Beogh smites you!
* * * LOW HITPOINT WARNING * * *
You barely miss the orc priest.
The orc priest is moderately wounded.
The orc priest hits you with a +0 whip.
You die...

.......... #.........
#......... #.........
#......^.. #.........
#...........
##o.......... #######
#@#..........
###.....####.##.........
.............##.........
..............##.......#
#..........)...##......#
#...........#....#....#
##...................#
#..............##....#
.######........# ###....


You could see an orc priest.

Vanquished Creatures
  4 ogres
  2 orc priests
  A hound (D:5)
  An iguana (D:5)
  2 orc wizards
  5 adders
  2 river rats (D:4)
  4 worms
  A dart slug (D:3)
  10 orcs
  7 ball pythons
  3 bats
  5 endoplasms
  5 giant cockroaches
  7 goblins
  6 hobgoblins
  8 jackals
  8 kobolds
  2 frilled lizards
  7 rats
90 creatures vanquished.

Notes
Turn   | Place    | Note
-------+----------+-------------------------------------------
     0 | D:1      | timneilson the Gargoyle Fighter began the quest for the
                  | Orb.
     0 | D:1      | Reached XP level 1. HP: 14/14 MP: 1/1
    73 | D:1      | Reached XP level 2. HP: 19/19 MP: 2/2
   268 | D:1      | Reached XP level 3. HP: 23/23 MP: 3/3
   741 | D:2      | Reached XP level 4. HP: 28/28 MP: 4/4
  1567 | D:3      | Found a hide-covered altar of Uskayaw.
  1567 | D:3      | Noticed a +0 dagger
  1567 | D:3      | Noticed a +0 hand axe
  1731 | D:3      | Found a burning altar of Makhleb.
  1767 | D:3      | Reached XP level 5. HP: 15/33 MP: 5/5
  1792 | D:3      | Reached skill level 1 in Dodging
  2076 | D:3      | Found a faded altar of an unknown god.
  2232 | D:4      | You fall into a shaft and drop 2 floors!
  2241 | D:5      | Entered Level 5 of the Dungeon
  2289 | D:5      | Reached XP level 6. HP: 20/38 MP: 6/6
  2311 | D:5      | Found a staircase to the Ecumenical Temple.
  2341 | Temple   | Entered the Ecumenical Temple
  2390 | Temple   | Became a worshipper of Qazlal Stormbringer
  2627 | D:5      | Reached skill level 5 in Armour
  2627 | D:5      | Reached skill level 1 in Invocations
  2642 | D:5      | Reached skill level 5 in Shields
  2642 | D:5      | Reached XP level 7. HP: 32/43 MP: 7/7
  2875 | D:4      | Found an iron altar of Okawaru.
  2925 | D:4      | Found a glowing drain.
  3181 | D:4      | Slain by an orc priest

Illustrated notes

Levels and vault maps discovered:
D:1:      dpeg_arrival_arbitrary_c, layout_rooms
D:2:      layout_loops_cross, chequers_serial_rivers_large_b,
          kennysheep_generic_room_2
D:3:      layout_basic, mainiacjoe_overflow_alcove_1, dancing_weapons_uskayaw,
          basic_ecumenical_altar
D:4:      layout_cave_pods, mainiacjoe_overflow_concentric_impassable,
          kennysheep_okawaru_gauntlet, mainiacjoe_overflow_swirl,
          portal_sewer_entry_b
D:5:      layout_loops_corners, fedhas_ov_isle_minmay, temple_doors_e
D:6:      layout_gridville, minmay_misc_feat_four_crosses
Temple:   eino_wide_crystal_templ

Skill      XL: |  1  2  3  4  5  6 |
---------------+-------------------+-----
Long Blades    | 2 3 |  3.8
Shields        | 4 5 |  5.4
Armour         | 4 5 |  5.4
Dodging        | 1 |  1.8
Fighting       | 4 |  4.5
Invocations    | 1 |  1.6

Action                     |  1- 3 |  4- 6 |  7- 9 || total
---------------------------+-------+-------+-------++-------
  Melee: Long sword        |   126 |   175 |   111 ||   412
    Use: Scroll            |     3 |     5 |       ||     8
         Potion            |       |     6 |     6 ||    12
 Armour: Scale mail        |    60 |   110 |       ||   170
         Chain mail        |       |    14 |    63 ||    77
         Skin              |       |       |    17 ||    17
  Dodge: Dodged            |    78 |    55 |    35 ||   168
  Block: Buckler           |    28 |       |       ||    28
         Kite shield       |    20 |   132 |   102 ||   254

Table legend: (Time is in decaauts)
 A = Elapsed time spent in this place.
 B = Non-inter-level travel time spent in this place.
 C = Inter-level travel time spent in this place.
 D = Time resting spent in this place.
 E = Time spent auto-exploring this place.
 F = Levels seen in this place.
 G = Mean time per level.
                   A        B        C        D        E       F      G
               +--------+--------+--------+--------+--------+-----+--------+
         Total |   3376 |   3301 |     75 |    114 |   1985 |   7 |  482.3 |
       Dungeon |   3311 |   3250 |     61 |    114 |   1985 |   6 |  551.8 |
        Temple |     64 |     50 |     14 |      0 |      0 |   1 |   64.0 |
               +--------+--------+--------+--------+--------+-----+--------+

Top non-repeatable levels by time:
     D:3: 1068 daAuts
     D:2: 789 daAuts
     D:5: 545 daAuts
     D:1: 494 daAuts
     D:4: 403 daAuts
  Temple: 64 daAuts
     D:6: 8 daAuts
